 Dungeon Crawl Stone Soup version 0.25.1-2-g60ff931df9 (webtiles) character file.

Game seed: 1952207981538004348

52717 DearestLeader the Earth Mage (level 14, -20/68 HPs)
             Began as a Gargoyle Earth Elementalist on Oct 16, 2020.
             Was a High Priest of Vehumet.
             Shot with a bolt by an orc warlord (28 damage)
             ... on level 1 of the Orcish Mines on Oct 17, 2020.
             The game lasted 01:06:29 (24490 turns).

DearestLeader the Earth Mage (GrEE)                Turns: 24490, Time: 01:06:30

Health: -20/68     AC: 21    Str: 12    XL:     14   Next: 65%
Magic:  5/28       EV: 14    Int: 21    God:    Vehumet [*****.]
Gold:   1517       SH:  4    Dex: 10    Spells: 9/33 levels left

rFire    + . .     SeeInvis .   p - +1 whip (venom)
rCold    . . .     Gourm    .   L - +0 buckler
rNeg     + . .     Faith    .   R - +1 robe {MR+}
rPois    ∞         Spirit   .   x - +0 helmet
rElec    +         Reflect  .   s - +0 cloak
rCorr    .         Harm     .   i - +2 pair of gloves
MR       ++...                  r - +2 pair of boots "Cedik" {rElec}
Stlth    ++........             (no amulet)
HPRegen  0.21/turn              P - ring of protection from fire
MPRegen  0.21/turn              H - +4 ring of slaying

@: flying, hasted, very quick
A: big wings, negative energy resistance 1, electricity resistance, unbreathing,
petrification resistance, rot immunity, AC +10
a: Stop Flying, Renounce Religion


You were on level 1 of the Orcish Mines.
You worshipped Vehumet.
Vehumet was extremely pleased with you.
You were near starving.

You visited 4 branches of the dungeon, and saw 19 of its levels.

You collected 1559 gold pieces.
You spent 42 gold pieces at shops.

Inventory:

Hand Weapons
 p - a +1 whip of venom (weapon)
 I - a +2 dagger of freezing
Missiles
 b - 243 stones (quivered)
Armour
 i - a +2 pair of gloves (worn)
 r - the +2 pair of boots "Cedik" (worn) {rElec}
   (You found it on level 4 of the Dungeon)

   It insulates you from electricity.
 s - a +0 cloak (worn)
 x - a +0 helmet (worn)
 G - +0 steam dragon scales
 L - a +0 buckler (worn)
 R - a +1 robe of magic resistance (worn)
Jewellery
 H - a +4 ring of slaying (right hand)
 N - an uncursed ring of stealth
 P - a ring of protection from fire (left hand)
 Q - an uncursed ring of see invisible
 S - an uncursed ring of ice
 U - an uncursed amulet of the acrobat {unknown}
 V - an uncursed amulet of reflection {unknown}
Wands
 a - a wand of iceblast (35)
 f - a wand of acid (7)
 k - a wand of paralysis (29)
 K - a wand of clouds (6)
Scrolls
 e - a scroll of silence
 g - 4 scrolls of teleportation
 j - a scroll of fear
 m - 2 scrolls of amnesia
 o - a scroll of enchant armour {unknown}
 q - 4 scrolls of remove curse
 u - 3 scrolls of immolation
 v - 2 scrolls of fog
 y - 5 scrolls of blinking
 B - 5 scrolls of magic mapping
 D - 2 scrolls of random uselessness {unknown}
 F - a scroll of enchant weapon {unknown}
 M - a scroll of vulnerability {unknown}
 T - a scroll of holy word {unknown}
 W - a scroll of summoning {unknown}
Potions
 c - 4 potions of stabbing
 h - 3 potions of cancellation
 n - 3 potions of might
 t - a potion of berserk rage {unknown}
 w - 4 potions of resistance
 z - 5 potions of curing {unknown}
 A - 2 potions of mutation {unknown}
 C - 5 potions of haste
 J - 2 potions of lignification {unknown}
 X - 2 potions of brilliance {unknown}
 Y - 2 potions of ambrosia {unknown}
Comestibles
 d - 35 rations


   Skills:
 + Level 6.4 Dodging
 - Level 2.1 Stealth
 - Level 4.0 Shields
 + Level 10.4 Spellcasting
 * Level 12.8 Conjurations
 - Level 2.1 Transmutations
 * Level 9.0 Ice Magic
 + Level 17.1 Earth Magic


You had 9 spell levels left.
You knew the following spells:

 Your Spells              Type           Power        Failure   Level  Hunger
a - Sandblast             Erth           ######       0%          1    None
b - Passwall              Tmut/Erth      ######..     1%          2    None
c - Stone Arrow           Conj/Erth      ######       1%          3    None
d - Lee's Rapid Deconstr  Erth           ######....   1%          5    ####...
e - Petrify               Tmut/Erth      ######..     1%          4    ##.....
f - Frozen Ramparts       Ice            #####.       1%          3    None
g - Iron Shot             Conj/Erth      ######....   1%          6    ######.

Your spell library contained the following spells:

 Spells                   Type           Power        Failure   Level  Hunger
 Orb of Destruction       Conj           ######....   7%          7    #######
 Ensorcelled Hibernation  Hex/Ice        ####..       1%          2    None
 Dazzling Flash           Conj/Hex       #####.       1%          3    None
 Animate Skeleton         Necr           N/A          6%          1    None
 Apportation              Tloc           ##....       6%          1    None
 Corona                   Hex            ##.....      6%          1    None
 Summon Small Mammal      Summ           ##..         6%          1    None
 Confusing Touch          Hex            ##......     19%         3    None
 Gell's Gravitas          Tloc           ##........   19%         3    None
 Portal Projectile        Hex/Tloc       ##....       19%         3    None
 Tukima's Dance           Hex            ##......     19%         3    None
 Dispersal                Tloc           ##........   100%        6    ######.
 Controlled Blink         Tloc           N/A          100%        8    #######
 Disjunction              Tloc           ##........   100%        8    #######


Dungeon Overview and Level Annotations

Branches:
Dungeon (11/15)            Temple (1/1) D:4            Lair (6/6) D:10
 Shoals (0/4) Lair:3       Spider (0/4) Lair:3        Slime (0/5) Lair:5
    Orc (1/2) D:10

Altars:
Ashenzari
Gozag
Qazlal
Trog
Uskayaw
Vehumet
Xom
Zin
The Shining One
Jiyva

Shops:
D:9 (=}:?

Portals:
Trove: D:10 (give horn of Geryon)

Annotations:
Lair:3 1 runed translucent door, Ywysimas's ghost, journeyman OpTm
Lair:6 3 runed translucent doors, DungeonDestroyer's ghost, adept GnFi


Innate Abilities, Weirdness & Mutations

You are resistant to torment.
Your stone body is resilient. (AC +10)
You are immune to poison.
Your large and strong wings let you fly indefinitely.
You resist negative energy. (rN+)
You are resistant to electric shocks. (rElec)
You can survive without breathing.
You are immune to petrification.
You are immune to rotting.


Message History

You block the orc warrior's attack.
You see here a bolt.
Casting: Iron Shot (dangerous; 1% risk of failure)
Confirm with . or Enter, or press ? or * to list all spells.
You don't have enough magic to cast that spell.
Throwing (i - inventory)
b - 244 stones (quivered)
Press: ? - help, Shift-Dir - straight line, f/p - orc warlord
Aim: an orc warlord, wielding a +0 arbalest, wearing a +0 chain mail and quivering 13 bolts (severely wounded)
You throw a stone.
The stone hits the orc warrior but does no damage.
The orc warrior is severely wounded.
The orc warrior hits you with a +0 broad axe!
* * * LOW HITPOINT WARNING * * *
The orc warrior closely misses you.
It was a potion of haste.
You feel yourself speed up. The orc warrior barely misses you.
The orc warlord shoots a bolt.
You block the bolt.
You see here a bolt.
The orc warlord shoots a bolt.
The bolt hits you!!
You die...

...........##.....#
...o................##.#.##
$.............##...#######
.....#.........###.##
....................#
...................##
..$.>...$....#...###
..#...........#..##
.............#..@.#
...(.)...(.......##
....)#)((#...#).#o###
.#...)[..)..#)#.....##
....)#)..#...o.()...$#
..§.))).....#.#o(.#.##
...........#...#.####
..........###.####
.......#...####


You could see an orc warlord and 2 orc warriors.

Vanquished Creatures
  2 fire dragons (Lair:6)
  Josephine (Lair:4)
  3 hydras
  A catoblepas (Lair:2)
  2 two-headed ogres
  6 death yaks (Lair:6)
  An orc high priest (Orc:1)
  A swamp dragon (Lair:6)
  2 orc sorcerers (Orc:1)
  An ugly thing (D:11)
  A faun (Lair:2)
  8 elephants
  3 black mambas
  Maggie (D:7)
  2 centaur skeletons
  5 torpor snails (Lair:6)
  13 spiny frogs
  5 rime drakes
  5 komodo dragons
  A troll (Orc:1)
  5 hornets (Lair:6)
  A polar bear (Lair:6)
  5 dream sheep
  3 tyrant leeches (Lair:6)
  Prince Ribbit (D:7)
  5 hippogriffs
  14 blink frogs
  A redback (Lair:3)
  4 wyverns
  3 wraiths
  34 yaks
  A hungry ghost (D:11)
  6 basilisks
  2 steam dragons (Lair:6)
  A warg (Orc:1)
  13 water moccasins
  An acid dragon (Lair:6)
  Duvessa (D:6)
  11 porcupines
  4 swamp drakes
  10 orc warriors
  3 ice beasts
  3 black bears
  9 ogres
  2 phantoms
  2 sky beasts
  43 wolves
  3 centaurs
  14 crocodiles
  Blork the orc (D:4)
  10 bullfrogs
  Dowan (D:6)
  2 scorpions
  15 killer bees
  6 crimson imps
  2 quasits
  A bullfrog zombie (D:6)
  6 hounds
  A centaur zombie (D:11)
  A jelly (D:7)
  16 orc priests
  Crazy Yiuf (D:3)
  3 bullfrog skeletons
  Ijyb (D:3)
  Jessica (D:3)
  4 iguanas
  8 worker ants
  19 orc wizards
  A hound skeleton (D:10)
  10 adders
  2 shadow imps
  2 adder skeletons
  5 worms
  2 leopard geckos
  67 orcs
  4 giant cockroaches
  5 goblins
  9 hobgoblins
  15 jackals
  3 quokkas
  A ball python (D:8)
  8 bats
  4 frilled lizards
  A giant cockroach zombie (D:6)
  9 kobolds
  A leopard gecko skeleton (D:4)
  A leopard gecko zombie (D:4)
  A quokka skeleton (D:9)
  9 rats
528 creatures vanquished.

Vanquished Creatures (others)
  8 fungi
  22 plants (Lair:6)
30 creatures vanquished.

Grand Total: 558 creatures vanquished

Notes
Turn   | Place    | Note
-------+----------+-------------------------------------------
     0 | D:1      | DearestLeader the Gargoyle Earth Elementalist began the
                  | quest for the Orb.
     0 | D:1      | Reached XP level 1. HP: 10/10 MP: 3/3
   473 | D:1      | Reached skill level 4 in Earth Magic
   557 | D:1      | Reached XP level 2. HP: 15/15 MP: 0/5
  1111 | D:1      | Reached skill level 5 in Earth Magic
  1111 | D:1      | Reached XP level 3. HP: 19/19 MP: 2/6
  1791 | D:2      | Reached XP level 4. HP: 24/24 MP: 7/7
  1795 | D:2      | Learned a level 2 spell: Passwall
  1799 | D:2      | Learned a level 3 spell: Stone Arrow
  2028 | D:2      | Reached skill level 6 in Earth Magic
  2446 | D:2      | Found a glowing silver altar of Zin.
  2485 | D:3      | Noticed Jessica
  2486 | D:3      | Killed Jessica
  2512 | D:3      | Found a faded altar of an unknown god.
  2513 | D:3      | Reached XP level 5. HP: 27/28 MP: 8/8
  2802 | D:3      | Found a glowing golden altar of the Shining One.
  2939 | D:3      | Found a runed translucent door.
  2940 | D:3      | Noticed Crazy Yiuf
  3061 | D:3      | Noticed Ijyb
  3079 | D:3      | Killed Ijyb
  3079 | D:3      | Reached skill level 7 in Earth Magic
  3173 | D:3      | Killed Crazy Yiuf
  3277 | D:4      | Found a staircase to the Ecumenical Temple.
  3323 | Temple   | Entered the Ecumenical Temple
  3477 | Temple   | Became a worshipper of Vehumet
  3526 | D:4      | Noticed Blork the orc
  3538 | D:4      | Reached skill level 8 in Earth Magic
  3538 | D:4      | Reached XP level 6. HP: 29/32 MP: 3/9
  3546 | D:4      | Killed Blork the orc
  3562 | D:4      | Reached skill level 9 in Earth Magic
  3761 | D:4      | Reached XP level 7. HP: 24/36 MP: 10/10
  4032 | D:4      | Got a pair of dazzling boots
  4037 | D:4      | Identified the +2 pair of boots "Cedik" {rElec} (You found
                  | it on level 4 of the Dungeon)
  4344 | D:4      | Reached skill level 10 in Earth Magic
  4547 | D:4      | Reached * piety under Vehumet
  4547 | D:4      | Offered knowledge of Shock by Vehumet.
  4779 | D:4      | Noticed a wyvern
  4786 | D:4      | Killed a wyvern
  4786 | D:4      | Reached skill level 1 in Conjurations
  4786 | D:4      | Reached XP level 8. HP: 37/41 MP: 10/12
  4886 | D:4      | Learned a level 5 spell: Lee's Rapid Deconstruction
  4920 | D:5      | Entered Level 5 of the Dungeon
  6195 | D:6      | Reached skill level 11 in Earth Magic
  6519 | D:6      | Found a bloodstained altar of Trog.
  6625 | D:6      | Learned a level 4 spell: Petrify
  6976 | D:6      | Reached XP level 9. HP: 36/45 MP: 16/16
  6986 | D:6      | Reached skill level 5 in Spellcasting
  7236 | D:6      | Noticed Dowan
  7236 | D:6      | Noticed Duvessa
  7241 | D:6      | Killed Dowan
  7274 | D:6      | Killed Duvessa
  7529 | D:6      | Offered knowledge of Foxfire by Vehumet.
  7692 | D:7      | Reached ** piety under Vehumet
  7796 | D:7      | Noticed Maggie
  7805 | D:7      | Noticed Prince Ribbit
  7812 | D:7      | Killed Maggie
  7812 | D:7      | Reached skill level 12 in Earth Magic
  7816 | D:7      | Killed Prince Ribbit
  8782 | D:8      | Reached skill level 1 in Transmutations
  8878 | D:8      | Reached skill level 5 in Conjurations
  9313 | D:8      | Reached XP level 10. HP: 45/50 MP: 18/20
  9562 | D:8      | Reached skill level 13 in Earth Magic
  9621 | D:8      | Offered knowledge of Frozen Ramparts by Vehumet.
  9626 | D:8      | Learned a level 3 spell: Frozen Ramparts
  9636 | D:8      | Noticed a two-headed ogre
  9641 | D:8      | Killed a two-headed ogre
  9641 | D:8      | Reached skill level 1 in Ice Magic
  9992 | D:9      | Reached *** piety under Vehumet
 10104 | D:9      | Found Zoushron's Jewellery Shop.
 10245 | D:9      | Found Igisaub's Gadget Shoppe.
 10432 | D:9      | Found Rakhle's Book Boutique.
 10580 | D:9      | Found Wounnuqa's Antique Weapon Shop.
 10650 | D:9      | Reached XP level 11. HP: 54/54 MP: 10/22
 11020 | D:9      | Found Ojidy's Magic Scroll Boutique.
 11040 | D:9      | Offered knowledge of Inner Flame by Vehumet.
 11049 | D:9      | Bought a scroll of magic mapping for 42 gold pieces
 11353 | D:9      | Found a hide-covered altar of Uskayaw.
 11528 | D:10     | Entered Level 10 of the Dungeon
 11786 | D:10     | Reached skill level 14 in Earth Magic
 11890 | D:10     | Reached skill level 5 in Ice Magic
 11898 | D:10     | Reached **** piety under Vehumet
 12218 | D:10     | Found a staircase to the Orcish Mines.
 12222 | D:10     | Offered knowledge of Yara's Violent Unravelling by Vehumet.
 12516 | D:10     | Found a staircase to the Lair.
 12576 | D:10     | Found a portal to a secret trove of treasure.
 12601 | D:10     | Noticed a two-headed ogre
 12610 | D:10     | Killed a two-headed ogre
 13327 | D:11     | Noticed a cyan ugly thing
 13361 | D:11     | Killed a cyan ugly thing
 13897 | Lair:1   | Entered Level 1 of the Lair of Beasts
 13913 | Lair:1   | Reached ***** piety under Vehumet
 13913 | Lair:1   | Offered knowledge of Lightning Bolt by Vehumet.
 14596 | Lair:1   | Reached XP level 12. HP: 51/59 MP: 14/24
 14997 | Lair:2   | Reached skill level 15 in Earth Magic
 15341 | Lair:2   | Noticed a catoblepas
 15360 | Lair:2   | Killed a catoblepas
 15471 | Lair:2   | Got a transparent robe
 15481 | Lair:2   | Identified the +0 robe of the Wasteland {Dex+3} (You found
                  | it on level 2 of the Lair of Beasts)
 15511 | Lair:2   | Reached skill level 1 in Shields
 16599 | Lair:3   | Found a hole to the Spider Nest.
 16846 | Lair:3   | Found a runed translucent door.
 16847 | Lair:3   | Found a shimmering altar of Xom.
 16847 | Lair:3   | Noticed Ywysimas's ghost (journeyman OpTm)
 16936 | Lair:3   | Found a staircase to the Shoals.
 16962 | Lair:3   | Reached skill level 10 in Conjurations
 17497 | Lair:4   | Noticed Josephine
 17712 | Lair:4   | Killed Josephine
 17712 | Lair:4   | Reached skill level 16 in Earth Magic
 17712 | Lair:4   | Reached XP level 13. HP: 33/63 MP: 6/26
 18367 | Lair:4   | Offered knowledge of Iron Shot by Vehumet.
 18375 | Lair:4   | Learned a level 6 spell: Iron Shot
 18558 | Lair:4   | Reached skill level 5 in Dodging
 20375 | Lair:5   | Found a staircase to the Slime Pits.
 20957 | Lair:6   | Entered Level 6 of the Lair of Beasts
 21225 | Lair:6   | Reached skill level 10 in Spellcasting
 21377 | Lair:6   | Found a runed translucent gate.
 21377 | Lair:6   | Found a runed translucent gate.
 21377 | Lair:6   | Found a runed translucent gate.
 21379 | Lair:6   | Noticed a death ooze
 21381 | Lair:6   | Noticed a death ooze
 21381 | Lair:6   | Noticed DungeonDestroyer's ghost (adept GnFi)
 21383 | Lair:6   | Found a viscous altar of Jiyva.
 21862 | Lair:6   | Gained mutation: Your large and strong wings let you fly
                  | indefinitely. [Gargoyle growth]
 21862 | Lair:6   | Reached XP level 14. HP: 60/68 MP: 8/28
 22795 | Lair:6   | Found a shattered altar of Ashenzari.
 23107 | Lair:6   | Reached skill level 17 in Earth Magic
 23469 | Lair:6   | Found a runed translucent door.
 24145 | Orc:1    | Entered Level 1 of the Orcish Mines
 24443 | Orc:1    | Noticed an orc warlord
 24455 | Orc:1    | Offered knowledge of Orb of Destruction by Vehumet.
 24490 | Orc:1    | Shot with a bolt by an orc warlord

Illustrated notes

Levels and vault maps discovered:
D:1:      wheals_arrival_linesprint, layout_basic,
          chequers_serial_rivers_micro_c, kennysheep_decorative_pillar
D:2:      layout_rooms, zin_statuary, fountainhead
D:3:      layout_rooms, marbit_many_paths, chequers_ecumenical_altar_island,
          uniq_ijyb, uniq_jessica, uniq_crazy_yiuf_cottage
D:4:      layout_loops_ring, temple_doors_e, first_ration, uniq_blork_the_orc
D:5:      layout_basic
D:6:      layout_basic, old_standard_altar, uniq_duvessa
D:7:      layout_gridville, uniq_prince_ribbit1, uniq_maggie
D:8:      layout_rooms
D:9:      layout_basic, kennysheep_mini_moat, serial_shops, shop, shop,
          nicolae_shop_waterfront, shop_fountains, shop
D:10:     layout_loops_ring, lair_entry_dummy, erik_orc_1, enter_trove_0
D:11:     layout_cave_pools
Temple:   dpeg_five_rooms_temple
Lair:1:   layout_hall_layers, lemuel_fruit_tree
Lair:2:   layout_regular_city, gauntlet_entry_generic,
          grunt_forest_large_clearings
Lair:3:   layout_loops_ring, elwin_shoals_entry_rocks, spider_nest_entry_webs,
          ebering_ghost_xom, beast_lair_carwin_5
Lair:4:   layout_cave_pods, uniq_josephine
Lair:5:   layout_hall_layers, slime_dummy
Lair:6:   wormcave, layout_regular_city, guppyfry_lair_end_dragon,
          gammafunk_ghost_ooze, basic_altar, serial_bayou_shore_b
Orc:1:    layout_caves

Skill      XL: |  1  2  3  4  5  6  7  8  9 10 11 12 13 14 |
---------------+-------------------------------------------+-----
Earth Magic    | 4 5 6 8 9 10 11 12 13 14 16 17 | 17.1
Conjurations   | 1 3 5 6 8 10 11 12 | 12.8
Spellcasting   | 4 6 7 8 9 10 | 10.4
Transmutations | 1 2 |  2.1
Ice Magic      | 4 6 7 9 |  9.0
Dodging        | 3 4 5 6 |  6.4
Shields        | 3 4 |  4.0
Stealth        | |  2.1

Action                   |  1- 3 |  4- 6 |  7- 9 | 10-12 | 13-15 || total
-------------------------+-------+-------+-------+-------+-------++-------
Melee: Unarmed           |    62 |       |       |       |       ||    62
       Whip              |    37 |   157 |   371 |   401 |   227 ||  1193
Throw: Stone             |       |       |       |       |     1 ||     1
 Cast: Sandblast         |    29 |    27 |    41 |    38 |    17 ||   152
       Lee's Rapid Decon |       |       |     6 |    23 |    21 ||    50
       Stone Arrow       |       |       |    15 |   132 |   106 ||   253
       Frozen Ramparts   |       |       |       |    11 |    46 ||    57
       Petrify           |       |       |       |     2 |       ||     2
       Iron Shot         |       |       |       |       |    17 ||    17
 Abil: Fly               |       |       |       |       |     1 ||     1
  Use: Potion            |       |     2 |       |     1 |     2 ||     5
       Scroll            |       |       |     9 |     6 |     5 ||    20
 Stab: Sleeping          |     1 |     3 |     4 |     2 |     2 ||    12
       Petrified         |       |       |       |     1 |       ||     1
       Confused          |       |       |       |       |     1 ||     1
  Eat: Chunk             |     3 |     7 |    20 |    25 |    17 ||    72
       Ration            |       |       |       |     4 |     3 ||     7
Armor: Robe              |    48 |    92 |   166 |     4 |     6 ||   316
       Steam dragon scal |       |       |    48 |   315 |   142 ||   505
Dodge: Dodged            |    78 |   155 |   215 |   350 |   218 ||  1016
Block: Buckler           |       |       |       |       |    59 ||    59
